 Dungeon Crawl Stone Soup version 0.17.0 (webtiles) character file.

41491 tetracat the Carver (level 14, -5/85 HPs)
             Began as a Halfling Assassin on Nov 10, 2015.
             Was an Initiate of Gozag.
             Slain by Rupert
             ... wielding a +2 great mace of protection
              (40 damage)
             ... on level 6 of the Lair of Beasts.
             The game lasted 01:01:08 (25219 turns).

tetracat the Carver (Halfling Assassin)            Turns: 25219, Time: 01:01:08

Health: -5/85      AC: 23    Str: 12    XL:     14   Next: 50%
Magic:  18/18      EV: 17    Int: 10    God:    Gozag
Gold:   2926       SH:  0    Dex: 24    Spells: 3 memorised, 5 levels left

rFire  + . .     SeeInvis .     a - +2 scimitar (flame)
rCold  . . .     Clarity  .     w - +5 chain mail "Zeuwithra" {Dex+4 Slay+3}
rNeg   + . .     SustAt   .     (shield restricted)
rPois  .         Gourm    .     T - +1 hat "Weurhom" {rN+}
rElec  .         Spirit   .     d - +0 cloak
rCorr  .         Warding  .     P - +0 pair of gloves
rMut   .         Stasis   .     I - +0 pair of boots {Stlth+}
MR     +....                    (no amulet)
Stlth  ++........               Y - ring of protection from fire
                                (no ring)

@: somewhat resistant to hostile enchantments, unstealthy
A: horns 1, mutation resistance 1
a: Potion Petition, Call Merchant, Bribe Branch, Renounce Religion


You were on level 6 of the Lair of Beasts.
You worshipped Gozag.
Gozag was noncommittal.
You were not hungry.

You visited 3 branches of the dungeon, and saw 19 of its levels.
You also visited: Ice Cave and Volcano.

You collected 4720 gold pieces.
You spent 1192 gold pieces at shops.
You paid 602 gold pieces to Gozag.

Inventory:

Hand Weapons
 a - a +2 scimitar of flaming (weapon)
 b - the +12 blowgun "Zoic" {evade, +Fly rC+ Str+4 Stlth-}
   (You bought it in a shop on level 6 of the Dungeon)

   It affects your evasion (+5 to EV).
   It affects your strength (+4).
   It protects you from cold.
   It lets you fly.
   It makes you less stealthy.
 D - a +1 short sword of speed
Missiles
 e - 58 poisoned needles
 f - a curare-tipped needle
 C - 3 throwing nets
 L - 16 tomahawks (quivered)
Armour
 d - a +0 cloak (worn)
 w - the +5 chain mail "Zeuwithra" (worn) {Dex+4 Slay+3}
   (You bought it in a shop on level 11 of the Dungeon)

   It affects your dexterity (+4).
   It affects your accuracy and damage with ranged weapons and melee attacks
   (+3).
 I - a +0 pair of boots of stealth (worn)
 P - a +0 pair of gloves (worn)
 T - the +1 hat "Weurhom" (worn) {rN+}
   (You bought it in a shop on level 11 of the Dungeon)

   It protects you from negative energy.
 Z - a +0 chain mail of fire resistance
Jewellery
 j - an uncursed amulet of regeneration
 m - an uncursed ring of poison resistance
 x - an uncursed ring of teleportation
 G - an uncursed ring of positive energy
 X - an uncursed amulet of stasis
 Y - a ring of protection from fire (right hand)
Wands
 h - a wand of cold (5)
 i - a wand of disintegration (9)
 y - a wand of hasting (5)
Scrolls
 c - 3 scrolls of teleportation
 l - 13 scrolls of remove curse
 o - 3 scrolls of blinking
 q - a scroll of recharging
 s - a scroll of brand weapon {unknown}
 E - 3 scrolls of enchant armour
 H - a scroll of fear
 J - 2 scrolls of amnesia
 K - a scroll of immolation {unknown}
 M - 2 scrolls of enchant weapon
 O - a scroll of silence
 S - a scroll of identify
 U - 2 scrolls of magic mapping
 V - a scroll of fog {unknown}
Potions
 k - 2 potions of agility
 n - 3 potions of haste
 p - 4 potions of flight
 t - 2 potions of lignification
 u - 4 potions of resistance
 v - 3 potions of heal wounds
 z - 6 potions of curing
 A - 3 potions of cancellation
 B - 2 potions of cure mutation
 F - 2 potions of brilliance
 R - a potion of mutation
Books
 W - a book of Burglary

   Spells                             Type                      Level
   a - Swiftness                      Charms/Air                   2
   b - Passwall                       Transmutation/Earth          3
   c - Passage of Golubria            Translocation                4
   d - Lee's Rapid Deconstruction     Earth                        5
   e - Darkness                       Hexes                        6
   f - Invisibility                   Hexes                        6
Comestibles
 g - 15 bread rations
 N - 4 meat rations


   Skills:
 - Level 4.1 Fighting
 - Level 3.1(12.1) Short Blades
 + Level 13.9(14.0) Long Blades
 + Level 8.9 Throwing
 + Level 12.7 Armour
 - Level 12.4 Dodging
 - Level 4.3 Stealth
 - Level 5.4 Evocations


You had 5 spell levels left.
You knew the following spells:

 Your Spells              Type           Power        Failure   Level  Hunger
a - Apportation           Tloc           #.........   100%        1    ##.....
b - Summon Butterflies    Summ           #.......     100%        1    ##.....
c - Invisibility          Hex            #.......     100%        6    #######


Dungeon Overview and Level Annotations

Branches:
Dungeon (12/15)            Temple (1/1) D:4            Lair (6/8) D:10
 Shoals (0/4) Lair:4        Snake (0/4) Lair:6        Slime (0/6) Lair:6
    Orc (0/4) D:11

Altars:
Ashenzari
Cheibriados
Dithmenos
Elyvilon
Fedhas
Gozag
Kikubaaqudgha
Makhleb
Nemelex Xobeh
Okawaru
Qazlal
Ru
Sif Muna
Trog
Vehumet
Xom
Yredelemnul
Zin
The Shining One

Shops:
D:6 ((   D:7 =(   D:8 }   D:11 [

Annotations:
D:3 Eucla's ghost, amateur MiBe
D:12 Azrael
Lair:5 exclusion: ice statue
Lair:6 Rupert


Innate Abilities, Weirdness & Mutations

You are small and have problems with some larger weapons.
You are somewhat resistant to further mutation.
You have a pair of small horns on your head.


Message History

You slash Rupert! You burn Rupert.
Rupert is severely wounded.
Rupert hits you with a great mace of protection!
You slash Rupert! You burn Rupert.
Rupert is severely wounded.
Rupert hits you with a great mace of protection!
You hit Rupert. You burn Rupert. You headbutt Rupert, but do no damage.
Rupert is almost dead.
Rupert hits you but does no damage.
You hit Rupert but do no damage.
Rupert is almost dead.
You hit Rupert but do no damage.
Rupert is almost dead.
Rupert hits you with a great mace of protection!
Your chain mail "Zeuwithra" prevents you from hitting Rupert.
You headbutt Rupert.
Rupert is almost dead.
Rupert hits you with a great mace of protection!!!
You die...
Your body crumbles into a pile of gold.

........####...........#
.......## #.....(......#
........# ##<...(......#
........####....(......#
.........##.#.).(.......#
.[........##....(........
...........#....(........
.#.........#....@$......#
..#........#...$@$.....##
.##.......###..$$$......#
.#?......................
.)#...[..###............
#######.## #...........#
).)..)### ##..........#
.#.#...## #..........#
...)....## ............
.#.#.#...## :.........


You could see Rupert (berserk).

Vanquished Creatures
  Kirke (Lair:6)
  Josephine (Lair:5)
  An ogre mage (Volcano)
  A naga warrior (Lair:6)
  3 hydras
  A fire crab (Lair:5)
  An unseen horror (D:12)
  4 hill giants
  2 ugly things (D:11)
  A centaur zombie (D:12)
  3 black mambas
  A torpor snail (Lair:6)
  16 spiny frogs
  2 molten gargoyles (Volcano)
  2 gargoyles
  A komodo dragon (Lair:1)
  A kobold demonologist (D:10)
  3 fire drakes
  A polar bear (Lair:5)
  A blue devil (Lair:5)
  A troll (D:11)
  4 two-headed ogres
  16 blink frogs
  4 slime creatures (Lair:6)
  2 deep elf magi
  A shadow (D:10)
  6 wraiths
  A water elemental (D:11)
  A fire bat (Volcano)
  A fire elemental (D:12)
  2 hogs
  9 yaks
  A wyvern (D:8)
  2 hungry ghosts
  A human (D:9)
  4 basilisks
  10 water moccasins
  A mottled dragon (D:12)
  19 wolves (Lair:3)
  4 hippogriffs
  15 porcupines
  4 nagas (Lair:6)
  Duvessa (D:4)
  2 orc warriors
  A sky beast (D:10)
  A black bear (D:10)
  2 phantoms
  6 ice beasts
  6 crocodiles
  A wasp (D:12)
  5 ogres
  7 centaurs
  14 giant frogs
  3 big kobolds
  A gnoll sergeant (D:10)
  Dowan (D:4)
  A wyvern zombie (D:11)
  28 killer bees
  A water moccasin skeleton (D:8)
  A scorpion (D:6)
  5 wights (D:9)
  5 electric eels
  2 crimson imps
  A giant frog zombie (D:8)
  12 iguanas
  A hound (D:4)
  5 jellies
  3 orc priests
  A giant frog skeleton (D:11)
  Terence (D:2)
  10 worker ants
  Natasha (thrice) (D:4)
  11 orc wizards
  19 sheep
  A hound skeleton (D:7)
  4 hound zombies
  2 worker ant zombies
  Robin (D:2)
  71 river rats
  6 adders
  10 gnolls
  3 shadow imps
  2 white imps (Lair:5)
  2 oozes
  2 adder zombies
  3 adder skeletons
  5 worms
  30 orcs
  2 ball pythons
  6 bats
  6 giant cockroaches
  8 hobgoblins
  8 jackals
  5 quokkas
  A giant cockroach zombie (D:5)
  6 giant geckos
  3 giant gecko skeletons
  2 giant newts
  11 goblins
  A jackal skeleton (D:4)
  A jackal zombie (D:6)
  11 kobolds
  3 rats
  A fungus (Lair:5)
  A plant (Lair:4)
535 creatures vanquished.

Vanquished Creatures (others)
  2 humans (Lair:6)
  A river rat (Lair:6)
  11 fungi
  A plant (Lair:3)
15 creatures vanquished.

Grand Total: 550 creatures vanquished

Notes
Turn   | Place    | Note
--------------------------------------------------------------
     0 | D:1      | tetracat the Halfling Assassin began the quest for the Orb.
     0 | D:1      | Reached XP level 1. HP: 14/14 MP: 1/1
   193 | D:1      | Reached XP level 2. HP: 13/19 MP: 2/2
   567 | D:2      | Reached XP level 3. HP: 20/24 MP: 3/3
   680 | D:2      | Noticed Terence
   710 | D:2      | Killed Terence
   710 | D:2      | Reached XP level 4. HP: 20/30 MP: 4/4
   750 | D:2      | Noticed Robin
   775 | D:2      | Killed Robin
   982 | D:2      | Found a deep blue altar of Sif Muna.
  1169 | D:2      | Reached XP level 5. HP: 36/36 MP: 5/5
  1316 | D:2      | Found a burning altar of Makhleb.
  1316 | D:2      | Found a sacrificial altar of Ru.
  1707 | D:3      | Found a shimmering altar of Xom.
  1993 | D:3      | Found a faded altar to an unknown god.
  2070 | D:3      | Noticed Eucla's ghost (amateur MiBe)
  2234 | D:4      | Reached skill level 1 in Long Blades
  2234 | D:4      | Reached XP level 6. HP: 33/42 MP: 6/6
  2251 | D:4      | Noticed Natasha
  2266 | D:4      | Killed Natasha
  2355 | D:4      | Noticed Natasha
  2368 | D:4      | Killed Natasha
  2405 | D:4      | Found a staircase to the Ecumenical Temple.
  2443 | D:4      | Noticed Natasha
  2458 | D:4      | Killed Natasha
  2482 | Temple   | Entered the Ecumenical Temple
  2646 | Temple   | Became a worshipper of Gozag Ym Sagoz the Greedy
  3126 | D:5      | Entered Level 5 of the Dungeon
  3126 | D:5      | Noticed Duvessa
  3126 | D:5      | Noticed Dowan
  3146 | D:4      | Killed Duvessa
  3146 | D:4      | Reached skill level 5 in Dodging
  3146 | D:4      | Reached XP level 7. HP: 32/46 MP: 7/7
  3188 | D:4      | Killed Dowan
  3553 | D:5      | Reached skill level 6 in Dodging
  3994 | D:6      | Found a white marble altar of Elyvilon.
  4128 | D:6      | Found Coyhonn's Antique Weapon Shop.
  4146 | D:6      | Reached skill level 1 in Armour
  4146 | D:6      | Reached XP level 8. HP: 52/52 MP: 8/8
  4247 | D:6      | Found Licsad's Weapon Shoppe.
  4330 | D:6      | Found a bloodstained altar of Trog.
  4641 | D:6      | Bought a +3 long sword of protection for 212 gold pieces
  4801 | D:7      | Found an iron altar of Okawaru.
  4807 | D:7      | Reached skill level 5 in Long Blades
  4831 | D:7      | Reached skill level 7 in Dodging
  4907 | D:7      | Found Pioz's Jewellery Boutique.
  5106 | D:7      | Found Wualuach's Antique Weapon Shop.
  5171 | D:7      | Reached XP level 9. HP: 57/57 MP: 9/9
  5259 | D:7      | Found a blossoming altar of Fedhas.
  5505 | D:8      | Reached skill level 8 in Dodging
  5720 | D:8      | Found Pululoagh's Gadget Shoppe.
  5729 | D:8      | Found a bloodstained altar of Trog.
  5954 | D:8      | Reached skill level 9 in Dodging
  6530 | D:9      | Reached XP level 10. HP: 63/63 MP: 10/10
  6563 | D:9      | Reached skill level 10 in Dodging
  6850 | D:9      | Found a shimmering altar of Xom.
  7114 | D:10     | Entered Level 10 of the Dungeon
  7225 | D:10     | Noticed a hill giant
  7228 | D:10     | Found a staircase to the Lair.
  7424 | D:10     | Noticed a hill giant
  7449 | D:10     | Killed a hill giant
  7509 | D:10     | Reached skill level 5 in Armour
  7610 | D:10     | HP: 2/94 [killer bee (4)]
  7700 | D:10     | Noticed a gargoyle
  8037 | D:10     | Reached skill level 11 in Dodging
  8357 | D:9      | Reached XP level 11. HP: 59/67 MP: 11/11
  8529 | D:6      | Bought a steaming blowgun for 240 gold pieces
  8529 | D:6      | Identified the +12 blowgun "Zoic" {evade, +Fly rC+ Str+4 Stlth-} (You bought it in a shop on level 6 of the Dungeon)
  8731 | D:10     | Killed a gargoyle
  9072 | D:10     | Killed a hill giant
  9072 | D:10     | Reached skill level 10 in Long Blades
  9432 | D:11     | Found a frozen archway.
  9485 | D:11     | Found a staircase to the Orcish Mines.
  9493 | IceCv    | Entered an ice cave
 10095 | D:11     | Noticed a purple ugly thing
 10418 | D:11     | Bought a fine hat for 360 gold pieces
 10428 | D:11     | Identified the +1 hat "Weurhom" {rN+} (You bought it in a shop on level 11 of the Dungeon)
 10482 | D:11     | Killed a cyan ugly thing
 11237 | D:11     | Bought a warped chain mail for 380 gold pieces
 11247 | D:11     | Identified the +5 chain mail "Zeuwithra" {Dex+4 Slay+3} (You bought it in a shop on level 11 of the Dungeon)
 11332 | D:11     | Reached skill level 12 in Dodging
 11657 | D:11     | Noticed a hill giant
 11677 | D:11     | Killed a hill giant
 11855 | D:11     | Noticed a red ugly thing
 11870 | D:11     | Killed a red ugly thing
 12625 | D:12     | Reached XP level 12. HP: 72/72 MP: 12/12
 12688 | D:12     | Killed an unseen horror
 12688 | D:12     | Reached skill level 1 in Evocations
 12916 | D:12     | Noticed Azrael
 13085 | Lair:1   | Entered Level 1 of the Lair of Beasts
 13483 | Lair:1   | Found a dark tunnel.
 13527 | Volcano  | Entered a volcano
 13644 | Volcano  | Found a bloodstained altar of Trog.
 13644 | Volcano  | Noticed an ogre mage
 13649 | Volcano  | Paralysed by an ogre mage for 5 turns
 13659 | Volcano  | Killed an ogre mage
 14671 | Lair:1   | Reached skill level 10 in Armour
 14671 | Lair:1   | Reached skill level 5 in Evocations
 15025 | Lair:1   | Noticed a six-headed hydra
 15029 | Lair:1   | Killed a six-headed hydra
 15500 | Lair:1   | Reached XP level 13. HP: 47/78 MP: 17/17
 16676 | Lair:2   | You fall through a shaft for 2 floors!
 18319 | Lair:3   | Reached skill level 5 in Throwing
 20370 | Lair:4   | Reached skill level 13 in Long Blades
 20586 | Lair:4   | Found a staircase to the Shoals.
 22092 | Lair:5   | Noticed Josephine
 22115 | Lair:5   | Killed Josephine
 22179 | Lair:5   | Reached XP level 14. HP: 85/85 MP: 18/18
 22779 | Lair:5   | Learned a level 1 spell: Apportation
 22781 | Lair:5   | Learned a level 1 spell: Summon Butterflies
 22788 | Lair:5   | Learned a level 6 spell: Invisibility
 24021 | Lair:6   | Gained mutation: You have a pair of small horns on your head. [potion of mutation]
 24146 | Lair:6   | Found a staircase to the Snake Pit.
 24494 | Lair:6   | Noticed Kirke
 24528 | Lair:6   | Killed Kirke
 24550 | Lair:6   | Found a staircase to the Slime Pits.
 24939 | Lair:6   | Noticed Rupert
 24952 | Lair:6   | Paralysed by Rupert for 3 turns
 25219 | Lair:6   | Slain by Rupert

Action                   |  1- 3 |  4- 6 |  7- 9 | 10-12 | 13-15 || total
-------------------------+-------+-------+-------+-------+-------++-------
Melee: Dagger            |    56 |    54 |       |       |       ||   110
       Short sword       |    26 |   167 |       |       |       ||   193
       Long sword        |       |    95 |   459 |   917 |       ||  1471
       Scimitar          |       |       |       |   129 |   970 ||  1099
       Unarmed           |       |       |       |       |     5 ||     5
 Fire: Blowgun           |     1 |     4 |       |    49 |   146 ||   200
Throw: Tomahawk          |       |       |       |     1 |    30 ||    31
Invok: Call Merchant     |       |       |       |     1 |       ||     1
Evoke: Wand              |       |     1 |     1 |     6 |     2 ||    10
  Use: Scroll            |       |     9 |       |    11 |     6 ||    26
       Potion            |       |     1 |       |     5 |     9 ||    15
 Stab: Sleeping          |     4 |    14 |    21 |     6 |     1 ||    46
       Distracted        |       |       |     4 |     6 |    11 ||    21
  Eat: Chunk             |       |     4 |       |     2 |     1 ||     7
       Bread ration      |       |     1 |     1 |       |       ||     2
       Meat ration       |       |       |     1 |       |     2 ||     3
       Royal jelly       |       |       |     1 |       |       ||     1
       Pizza             |       |       |     2 |     6 |     2 ||    10
       Beef jerky        |       |       |     1 |     8 |     5 ||    14
       Fruit             |       |       |       |    11 |    16 ||    27
